 Dungeon Crawl Stone Soup version 0.30.0 (webtiles) character file.

Game seed: 11026940456916438983

84 PurpleRed the Magician (level 4, -12/24 HPs)
             Began as a Deep Elf Fire Elementalist on May 17, 2023.
             Killed by divine providence
             ... invoked by an orc priest
              (16 damage)
             ... on level 3 of the Dungeon.
             The game lasted 00:05:30 (943 turns).

PurpleRed the Magician (Deep Elf Fire Elementalist)  Turns: 943, Time: 00:05:31

Health: -12/24     AC:  3    Str:  5    XL:     4   Next: 24%
Magic:  8/12       EV: 12    Int: 22    God:
Gold:   119        SH:  0    Dex: 15    Spells: 8/11 levels left

rFire   . . .        k - +0 dagger
rCold   . . .        (no shield)
rNeg    . . .        a - +1 robe
rPois   .            (no helmet)
rElec   .            (no cloak)
rCorr   .            (no gloves)
SInv    .            (no boots)
Will    .....        (no amulet)
Stlth   ++           (no ring)
HPRegen 0.24/turn    (no ring)
MPRegen 0.13/turn

%: no passive effects
@: no status effects
A: no striking features
a: no special abilities


You were on level 3 of the Dungeon.
You visited 1 branch of the dungeon, and saw 4 of its levels.

You collected 119 gold pieces.

Inventory:

Hand Weapons
 c - a +0 club
 g - a +0 mace
 k - a +0 dagger (weapon)
Missiles
 d - 17 poisoned darts
Armour
 a - a +1 robe (worn)
 m - a +0 leather armour
Scrolls
 f - a scroll of blinking
 h - a scroll of fear
 i - 2 scrolls of teleportation {unknown}
 j - a scroll of fog
 l - 2 scrolls of enchant armour
 o - a scroll of immolation
Potions
 b - a potion of magic
 e - a potion of curing
 n - a potion of brilliance


   Skills:
 - Level 2.4 Dodging
 - Level 2.4 Stealth
 + Level 4.3 Spellcasting
 + Level 2.7 Conjurations
 + Level 4.1 Fire Magic


You had 8 spell levels left.
You knew the following spells:

 Your Spells              Type           Power      Damage    Failure   Level
a - Foxfire               Conj/Fire      76%        2x1d7     2%          1
b - Scorch                Fire           46%        2d7       3%          2

Your spell library contained the following spells:

 Spells                   Type           Power      Damage    Failure   Level
 Kiss of Death            Conj/Necr      40%        2d8       6%          1
 Inner Flame              Hex/Fire       13%        N/A       14%         3
 Volatile Blastmotes      Fire/Tloc      26%        2d12      14%         3
 Flame Wave               Conj/Fire      19%        2d7       26%         4
 Confusing Touch          Hex            4%         N/A       32%         3
 Dispel Undead            Necr           4%         3d7       71%         4
 Summon Forest            Summ/Tloc      2%         N/A       96%         5
 Summon Mana Viper        Hex/Summ       4%         N/A       96%         5
 Summon Cactus Giant      Summ           2%         N/A       100%        6


Dungeon Overview and Level Annotations

Branches:
Dungeon (4/15)
 Temple: D:4-7

Altars:


Message History

As you read the scroll of identify, it crumbles to dust.
f - a scroll of blinking
There is a stone staircase leading down here.
A rat comes into view.
An orc priest comes into view. It is wielding a +0 hand axe.
You see here 10 gold pieces.
You now have 119 gold pieces (gained 10).
You hit the rat.
You kill the rat!
An orc comes into view.
It is wielding a +1 war axe of freezing.
An orc comes into view. It is wielding a +0 club.
The orc shouts!
You hear a shout!
Casting: Scorch (safe; 3% risk of failure)
Confirm with . or Enter, or press ? or * to list all spells.
You can't see any susceptible monsters within range! (Use Z to cast anyway.) Unknown command.
Casting: Scorch (safe; 3% risk of failure)
Confirm with . or Enter, or press ? or * to list all spells.
Flames lash the orc.
The orc is almost dead.
The orc's fire resistance burns away.
You hit the orc but do no damage.
The orc is almost dead.
The orc hits you with a +1 war axe of freezing.
The orc freezes you.
You hit the orc but do no damage.
The orc is almost dead.
The orc hits you with a +1 war axe of freezing!
* * * LOW HITPOINT WARNING * * *
The orc freezes you.
* * * LOW HITPOINT WARNING * * *
Casting: Scorch (safe; 3% risk of failure)
Confirm with . or Enter, or press ? or * to list all spells.
Flames lash the orc priest.
The orc priest is lightly wounded.
The orc priest's fire resistance burns away.
The orc priest invokes the aid of Beogh against you.
Beogh smites you!
Ouch! That really hurt!
You die...

#.# #..........
#.# #..........
#.# #.[........
#.# #.........#
### #.#
#.......#..
...##.######
####..o....#
.#.........#
#o............
###........#
#o#####.##.###
.#..#####..#####@#
.# .# ...##
#......>.# .# .
..## #.....##.# .#
# ..# #.....##.#
..# #.[....... ..#
##...#####. ..#
#..## .. ### #..#
.# #..# .#


You could see an orc priest (combustible) and an orc (combustible).

Vanquished Creatures
  Jessica (D:2)
  A gnoll (D:3)
  2 adders (D:2)
  2 dart slugs
  2 endoplasms
  2 giant cockroaches
  2 goblins
  A hobgoblin (D:2)
  2 quokkas
  2 ball pythons
  3 bats
  6 frilled lizards
  A kobold (D:2)
  5 rats
32 creatures vanquished.

Vanquished Creatures (others)
  39 foxfires
39 creatures vanquished.

Grand Total: 71 creatures vanquished

Notes
Turn   | Place    | Note
-------+----------+-------------------------------------------
     0 | D:1      | PurpleRed the Deep Elf Fire Elementalist began the quest
                  | for the Orb.
     0 | D:1      | Reached XP level 1. HP: 10/10 MP: 6/6
     8 | D:1      | Found a faded altar of an unknown god.
   166 | D:1      | Reached XP level 2. HP: 15/15 MP: 6/8
   244 | D:2      | Learned a level 2 spell: Scorch
   318 | D:2      | Noticed Jessica
   321 | D:2      | Killed Jessica
   322 | D:2      | Reached XP level 3. HP: 19/19 MP: 2/10
   648 | D:2      | Reached XP level 4. HP: 8/24 MP: 0/12
   809 | D:3      | You fall into a shaft and drop 1 floor!
   943 | D:3      | Killed from afar by an orc priest

Illustrated notes

Levels and vault maps discovered:
D:1:      dpeg_arrival_pits, layout_basic, serial_shops, shop,
          hellmonk_ecumenical_altar_pennies_from_heaven
D:2:      layout_basic, minmay_vboxes, uniq_crazy_yiuf_cottage, uniq_jessica
D:3:      layout_loops_ring, item_on_display_a, uniq_ijyb
D:4:      layout_loops_ring, mainiacjoe_overflow_tiny_flanked,
          dilly_guarded_unrand_morg, uniq_pikel

Skill      XL: |  1  2  3 |
---------------+----------+-----
Conjurations   | 2 |  2.7
Spellcasting   | 4 |  4.3
Fire Magic     | 4 |  4.1
Dodging        | |  2.4
Stealth        | |  2.4

Action                     |  1- 3 |  4- 6 || total
---------------------------+-------+-------++-------
  Melee: Club              |     5 |       ||     5
         Mace              |     1 |       ||     1
         Dagger            |    21 |    14 ||    35
   Cast: Foxfire           |    25 |       ||    25
         Scorch            |     7 |     5 ||    12
    Use: Scroll            |       |     7 ||     7
   Stab: Sleeping          |     2 |       ||     2
 Armour: Robe              |     5 |    11 ||    16
  Dodge: Dodged            |    27 |    17 ||    44
